cohdb
Replays
Latest Replays
All Replays
Popular Replays
Top Player Replays
Match Explorer
How It Works
Community
CoH3 Stats
Reddit
Sign in to upload your games and track your stats! →
Sign in with Steam
Match 37546282
Unlisted
Match 37546282
Overview
Messages
Build Orders
End
Kradschützen Motorcycle Team
Selects Italian Combined Arms Battlegroup
Selects Bersaglieri Squad
Bersaglieri Squad
Panzerpioneer Squad
Bersaglieri Squad
Construct Light Support Kompanie
Bersaglieri Squad
Selects Bersaglieri Bolster
2.5-tonne Medical Truck
Fire Support Elements
Panzerjäger Mechanized Group
Selects Breda Model 30 Light Machine Guns
Veteran Squad Leaders
Construct Panzerarmee Kommand
Panzer III L Medium Tank
Selects Semovente da 75/18 Assault Gun
Forward Retreat Point
Selects Carro Armato M13/40 Light Tank
Walking Stuka Rocket Launcher
Emergency Repair Kits
Armored Reserves
Panzer IV Assault Group
Selects Pact of Steel
양심티거사랑
Howdy?
(♡◕ω◕♡)
Gukbae
silentbreacher
HelloFriends :D
Leo Nev
matrix4x4
0
0
Comments
sign in to comment!
No comments posted yet!